Cogmind - Beta 15 @@@ ROGUE MODE // 2025.06.30 @ 16:47:42 Player: CL-1C0 Result: Destroyed by S-27 Virus with Autogun Performance ------------- Evolutions (6) 3000 Regions Visited (17) 3400 Robots Destroyed (126) 630 Value Destroyed (7942) 7942 Prototype IDs (21) 420 Alien Tech Used (0) 0 Bonus (7040) 7040 TOTAL SCORE: 22432 Bonus ------- High Alert Combat Kills 587 Follower Combat Kills 1671 Entered Garrisons 1200 Used RIF Installer 4000 Friendly Fire -418 Cogmind --------- Core Integrity 0/1150 Matter 300/300 Energy 98/100 System Corruption 13% Temperature Cool (0) Movement Core (50) Location -4/Garrison Parts ------- > --- POWER (1) -------- (None) > --- PROPULSION (3) --- (None) > --- UTILITY (13) ----- Relay Coupler [Swarmer] (33) Relay Coupler [Grunt] (1) Relay Coupler [Duelist] (24) Relay Coupler [Sentry] (12) Relay Coupler [Sentry] (24) Relay Coupler [Specialist] (20) > --- WEAPON (2) ------- (None) > --- INVENTORY (5) ---- Relay Coupler [Grunt] (27) Relay Coupler [Sentry] (24) Relay Coupler [Specialist] (25) Relay Coupler [Hunter] (15) Improved Remote Datajack Peak State ------------ > --- POWER ------------ Particle Reactor > --- PROPULSION ------- Improved Medium Treads Armored Wheel Armored Wheel > --- UTILITY ---------- High-capacity Storage Unit Experimental Sensor Array Improved Core Shielding Advanced Point Defense System Relay Coupler [NC] Relay Coupler [Swarmer] Relay Coupler [Grunt] Relay Coupler [Brawler] Relay Coupler [Duelist] Relay Coupler [Sentry] Relay Coupler [Demolisher] Relay Coupler [Hunter] > --- WEAPON ----------- Hypervelocity Railgun Hypervelocity Railgun > --- INVENTORY -------- Relay Coupler [NC] Relay Coupler [NC] Relay Coupler [NC] Relay Coupler [Cutter] Relay Coupler [Brawler] Relay Coupler [Sentry] Relay Coupler [Sentry] Relay Coupler [Specialist] Relay Coupler [Heavy] Rainbow Chip Hypervelocity Coil Gun Heavy Rocket Launcher Heavy Rocket Launcher Improved Datajack Advanced Datajack Remote Datajack Great Axe Power Sword [Rating: 90] Favorites ----------- Power Light Nuclear Core Engine Light Ion Engine Power Core Light Nuclear Core Reactor Particle Reactor Propulsion Armored Wheel Treads Improved Treads Leg VSS Leg Wheel Armored Wheel Utility Relay Coupler [Sentry] Device Improved Heat Sink Storage Large Storage Unit Processor Visual Processing Unit Hackware Relay Coupler [Sentry] Protection Light Armor Plating Weapon Great Axe Energy Gun Small Laser Energy Cannon Heavy Particle Cannon Ballistic Gun Hypervelocity Railgun Ballistic Cannon Light Cannon Launcher Rocket Launcher Special Weapon Remote Datajack Impact Weapon Hammer Slashing Weapon Great Axe Piercing Weapon Spear Special Melee Weapon Improved Datajack Build | -11 -10 -10 -10 -8 -8 -8 -8 -7 -7 -6 -6 -5 -5 -5 -5 -4 -4 ------- Run | Yrd Mat Min Sub Mat Gar Mat Gar Fac Gar Fac Gar Fac Was Fac Gar Fac Gar Slots Evolved 12 | . . . . 4 . . . 2 . 2 . 2 . . . 2 . Power . | . . . . . . . . . . . . . . . . . . Propulsion 1 | . . . . 1 . . . . . . . . . . . . . Utility 11 | . . . . 3 . . . 2 . 2 . 2 . . . 2 . Weapon . | . . . . . . . . . . . . . . . . . . Parts Attached 148 | . 7 1 5 10 5 4 25 10 13 3 15 3 1 2 14 14 16 Power 14 | . . . 1 1 1 . 2 1 1 . 1 1 . . 2 2 1 Engine 5 | . . . . . 1 . 2 1 . . . . . . . . 1 Core 5 | . . . 1 1 . . . . 1 . . 1 . . 1 . . Reactor 4 | . . . . . . . . . . . 1 . . . 1 2 . Propulsion 37 | . 4 . 2 5 1 2 6 3 1 . 3 . . . 5 2 3 Treads 16 | . 4 . 2 1 . . 4 2 1 . . . . . 1 1 . Leg 10 | . . . . 4 1 1 . . . . 3 . . . . . 1 Wheel 11 | . . . . . . 1 2 1 . . . . . . 4 1 2 Hover . | . . . . . . . . . . . . . . . . . . Flight . | . . . . . . . . . . . . . . . . . . Utility 66 | . . 1 . 3 . . 10 5 6 3 10 1 1 2 7 6 11 Device 17 | . . . . 1 . . 3 1 . 1 3 1 . . 2 3 2 Storage 4 | . . . . 1 . . 1 1 . . . . . . 1 . . Processor 3 | . . . . 1 . . . . . . . . . . . 1 1 Hackware 34 | . . . . . . . 4 2 5 1 7 . 1 2 3 1 8 Protection 8 | . . 1 . . . . 2 1 1 1 . . . . 1 1 . Artifact . | . . . . . . . . . . . . . . . . . . Weapon 31 | . 3 . 2 1 3 2 7 1 5 . 1 1 . . . 4 1 Energy Gun 2 | . . . . . . . . . 2 . . . . . . . . Energy Cannon 1 | . . . . . . . 1 . . . . . . . . . . Ballistic Gun 6 | . 1 . 1 . 1 . . . . . . . . . . 3 . Ballistic Cannon 2 | . . . 1 . . . . . . . 1 . . . . . . Launcher 10 | . 2 . . 1 1 2 2 1 1 . . . . . . . . Special Weapon 2 | . . . . . . . 1 . . . . 1 . . . . . Impact Weapon 1 | . . . . . 1 . . . . . . . . . . . . Slashing Weapon 3 | . . . . . . . 2 . . . . . . . . . 1 Piercing Weapon 1 | . . . . . . . . . 1 . . . . . . . . Special Melee Weapon 3 | . . . . . . . 1 . 1 . . . . . . 1 . Unidentified Prototypes 3 | . . . . . . . . . . . 1 . . . 1 1 . Corrupted Parts 1 | . . . . . . . . . . . . . . . 1 . . System Corruption 4 | . . . . . . . . . . . . . . . 4 . . Parts Lost 64 | . . . 1 1 11 . 8 . 1 1 6 1 . 1 2 12 19 Power 9 | . . . 1 1 2 . 1 . . . . 1 . . . 3 . Propulsion 16 | . . . . . 3 . 3 . . . 3 . . . 1 2 4 Utility 24 | . . . . . 2 . 1 . 1 1 2 . . 1 1 5 10 Weapon 15 | . . . . . 4 . 3 . . . 1 . . . . 2 5 Highest Loss Streak 9 | . . . 1 1 6 . 4 . 1 1 3 1 . 1 1 4 9 To Critical Strikes . | . . . . . . . . . . . . . . . . . . Average Backups 12 | . 7 8 6 6 7 13 11 13 13 14 14 15 15 14 19 17 12 Power . | . 1 1 1 . . . . . . 1 . . . . . . . Propulsion 1 | . 2 2 1 2 4 4 1 2 1 . . . . . . . . Utility 6 | . . . . 1 1 4 6 6 7 10 11 11 11 10 12 10 7 Weapon 3 | . 3 5 3 2 1 5 2 2 3 2 2 3 3 3 4 4 2 Tool/Special . | . . . . . . . . . . . . . . . . . . Unused Backups 40 | . 3 3 4 . . 4 8 1 . . 1 . . . 1 . 15 Power 3 | . . 1 2 . . . . . . . . . . . . . . Propulsion 6 | . . . . . . 2 3 . . . . . . . 1 . . Utility 22 | . . 1 . . . . 5 . . . 1 . . . . . 15 Weapon 8 | . 3 1 2 . . 2 . . . . . . . . . . . Tool/Special 1 | . . . . . . . . 1 . . . . . . . . . Average Slot Usage (%) 87 | . 84 98 99 69 65 52 88 92 93 83 89 90 92 93 95 83 79 Engine 2 | . 14 14 2 . . . 6 7 1 . . . . . . . 2 Core 2 | . . . 10 5 3 . . . 5 6 . . 5 5 1 . . Reactor 1 | . . . . . . . . . . . 5 3 . . 3 4 . Treads 9 | . 24 28 28 16 14 . 10 14 11 6 2 . . . 1 1 . Leg 4 | . 3 . . 8 13 23 5 . . . 5 17 17 17 3 . 1 Wheel 5 | . . . . . . 4 8 7 10 13 6 . . . 9 6 5 Device 5 | . . . . 5 4 . 8 8 9 2 5 4 5 5 5 9 10 Storage 7 | . 14 14 14 7 7 7 8 7 7 6 6 5 5 5 5 5 3 Processor 1 | . . . . 4 7 7 . . . . . . . . . . . Hackware 23 | . . . . . . . 14 20 23 31 39 45 45 46 47 38 43 Protection 5 | . . 12 14 7 1 . 6 8 5 2 3 . . . 3 4 . Energy Cannon 1 | . . . . . . . 5 6 1 . . . . . . . . Ballistic Gun 2 | . 1 14 14 3 2 . . . . . . . . . . 3 5 Ballistic Cannon 1 | . . . 10 6 1 . . . . . 1 5 2 . . . . Launcher 2 | . 3 14 3 4 6 3 . . 1 . . . . . . 1 . Special Weapon 1 | . . . . . . . 2 . 1 6 2 . 5 5 5 2 . Slashing Weapon 3 | . . . . . . . 6 6 5 6 4 . 2 5 4 2 2 Peak Build Rating 90 | . 10 11 17 44 40 43 50 42 53 50 66 64 62 67 75 90 88 Average Rating 44 | . 6 10 14 37 38 38 33 35 44 43 53 61 60 61 68 76 68 On Entrance 41 | 6 6 10 11 17 40 36 43 30 41 44 50 61 57 62 66 74 84 Naked Turns . | . . . . . . . . . . . . . . . . . . Heaviest Build 80 | 10 14 17 21 36 36 32 42 48 65 44 52 45 34 32 72 80 70 Greatest Support 86 | 20 46 46 46 86 86 50 60 12 24 36 45 54 45 45 45 28 40 Greatest Overweight (x) 24 | . . . . . 2 2 3 3 5 1 13 2 . . 2 24 2 Average Overweight (x) 1 | . . . . . . . 1 3 2 1 1 . . . 1 3 1 Largest Inventory Capacity 20 | . 8 8 8 15 15 15 15 15 15 15 15 15 15 15 20 20 20 Average Capacity 14 | . 8 8 8 9 15 15 15 15 15 15 15 15 15 15 19 20 14 Most Carried 20 | . 8 8 8 8 9 15 15 15 15 15 15 15 15 15 20 20 20 Average Carried 13 | . 7 8 7 6 7 13 14 14 14 14 14 15 14 14 19 17 11 Final Capacity 20 | 8 8 8 8 15 15 15 15 15 15 15 15 15 15 15 20 20 5 Final Carried 20 | 6 8 8 8 8 9 15 15 15 15 14 15 15 15 13 20 15 5 Class Distribution -------------------- 44% | Botlord-Mutant 23% | Mutant 22% | Bothacker-Mutant 8% | Scavenger-Mutant Dominant Class ---------------- Mutant | -10/Materials Mutant | -10/Mines Mutant | -10/Subcaves Scavenger-Mutant | -8/Materials Scavenger-Mutant | -8/Garrison Mutant | -8/Materials Bothacker-Mutant | -8/Garrison Bothacker-Mutant | -7/Factory Bothacker-Mutant | -7/Garrison Botlord-Mutant | -6/Factory Botlord-Mutant | -6/Garrison Botlord-Mutant | -5/Factory Botlord-Mutant | -5/Waste Botlord-Mutant | -5/Factory Botlord-Mutant | -5/Garrison Botlord-Mutant | -4/Factory Botlord-Mutant | -4/Garrison Resources | -11 -10 -10 -10 -8 -8 -8 -8 -7 -7 -6 -6 -5 -5 -5 -5 -4 -4 ----------- Run | Yrd Mat Min Sub Mat Gar Mat Gar Fac Gar Fac Gar Fac Was Fac Gar Fac Gar Matter Collected 5291 | 200 . 181 135 256 109 221 816 80 516 279 468 86 . . 606 494 844 Remotely . | . . . . . . . . . . . . . . . . . . Salvage Created 4738 | . 181 69 183 299 161 383 744 22 549 104 450 12 . . 366 632 583 Parts 205 | . 14 3 8 17 14 8 26 . 22 3 27 . . . 13 18 32 Haulers Intercepted 2 | . 1 . . . . . . . . . . . . . . 1 . Recyclers Shooed 3 | . . . . 1 . . . . . . . . . . . 2 . Parts Field Recycled . | . . . . . . . . . . . . . . . . . . Retrieved Matter . | . . . . . . . . . . . . . . . . . . Parts Self-Destructed 4 | . . . 4 . . . . . . . . . . . . . . Prevented . | . . . . . . . . . . . . . . . . . . Kills | -11 -10 -10 -10 -8 -8 -8 -8 -7 -7 -6 -6 -5 -5 -5 -5 -4 -4 ------- Run | Yrd Mat Min Sub Mat Gar Mat Gar Fac Gar Fac Gar Fac Was Fac Gar Fac Gar Combat Hostiles Destroyed 105 | . 5 1 9 3 15 8 11 1 18 . 9 1 . . 4 14 6 Melee 15 | . . . . . 4 1 2 . 2 . 1 . . . 4 . 1 Guns 23 | . . . 4 1 1 . . . 5 . . . . . . 7 5 Cannons 14 | . . . 1 1 1 . 6 1 . . 3 1 . . . . . AOE 53 | . 5 1 4 1 9 7 3 . 11 . 5 . . . . 7 . Classes Destroyed 15 | . 5 . 1 3 2 1 1 . . . 1 . . . . 1 . Worker 2 | . 1 . . . . 1 . . . . . . . . . . . Builder 2 | . . . . 1 . 1 . . . . . . . . . . . Hauler 2 | . 1 . . . . . . . . . . . . . . 1 . Recycler 7 | . 1 1 . 2 . 1 . . . 1 . . . . . 1 . Operator 1 | . . . . . . 1 . . . . . . . . . . . Watcher 4 | . . . . 3 . 1 . . . . . . . . . . . Swarmer 20 | . 3 . 3 . 3 . . 1 1 . . 1 . . 1 4 3 Grunt 47 | . 2 1 . 2 7 6 3 . 15 . 5 . . . 2 4 . Brawler 2 | . . . . . 1 . 1 . . . . . . . . . . Duelist 3 | . . . . . . . 2 . 1 . . . . . . . . Sentry 8 | . . . . 1 . 2 4 . . . . . . . 1 . . Hunter 6 | . . . . . . . . . . . . . . . . 4 2 Programmer 14 | . . . . . 4 . 2 . 1 . 4 . . . . 2 1 Subdweller 6 | . . . 6 . . . . . . . . . . . . . . Infiltrator 2 | . . . . . . . . . . . 2 . . . . . . Best Kill Streak 9 | . 8 1 3 3 4 9 3 1 6 1 5 1 . . 1 4 1 Combat Bots Only 7 | . 5 1 3 2 4 7 3 1 6 . 5 1 . . 1 4 1 Max Kills in Single Turn 3 | . 3 1 1 1 3 2 2 1 2 1 2 1 . . 1 3 1 Gunslinging 1 | . . . . . . . . . 1 . . . . . . . . Exploded 3 | . 2 1 1 1 3 2 2 . 2 . 2 . . . . 3 . Melee 1 | . . . . . 1 1 1 . 1 . 1 . . . 1 . 1 Uniques/NPCs Destroyed . | . . . . . . . . . . . . . . . . . . Combat | -11 -10 -10 -10 -8 -8 -8 -8 -7 -7 -6 -6 -5 -5 -5 -5 -4 -4 -------- Run | Yrd Mat Min Sub Mat Gar Mat Gar Fac Gar Fac Gar Fac Was Fac Gar Fac Gar Hostile Shots Fired 765 | . 5 2 53 8 118 23 69 14 44 27 66 16 . 2 46 110 162 Missed 243 | . 3 1 22 3 26 10 20 4 17 11 21 6 . . 8 37 54 Hits 522 | . 2 1 31 5 92 13 49 10 27 16 45 10 . 2 38 73 108 Melee 3 | . . . . . . . 2 . . . . . . . . . 1 Projectile 519 | . 2 1 31 5 92 13 47 10 27 16 45 10 . 2 38 73 107 Critical Strikes 20 | . . . . . 3 1 1 . . . 2 . . . 2 5 6 Actively Blocked 1 | . . . . . . . . . . . . . . . . . 1 Part Disruptions 2 | . . . . . 1 . 1 . . . . . . . . . . Damage Taken 9554 | . 49 11 616 73 1685 187 898 181 462 142 739 153 . 45 786 1406 2121 Core 2110 | . 8 . 91 . 281 55 140 17 20 10 170 . . . 160 200 958 Absorbed by Shields 105 | . . . . . 17 . . . 3 . 20 . . . . . 65 Redirected to Shielding 66 | . . . . . . . . . . . . . . . . 59 7 Core Remaining (%) 71 | 100 . . 60 . . . 13 . 94 . 78 . . . 84 . . Volleys Fired 362 | . 7 3 32 18 36 5 37 5 34 15 41 9 4 13 25 41 37 Largest 2 | . 1 1 2 2 2 2 1 1 2 1 1 1 1 1 1 2 2 Hottest 188 | . 30 33 60 60 66 72 75 75 188 5 40 40 5 5 5 80 80 Shots Fired 466 | . 7 3 56 24 40 10 41 5 40 15 41 9 4 13 25 63 70 Gun 149 | . . . 26 6 2 . . . 14 . . . . . . 34 67 Cannon 105 | . . . 24 17 13 . 25 3 2 . 12 9 . . . . . Launcher 105 | . 7 3 6 1 25 10 11 . 19 . 5 . . . . 18 . Special 107 | . . . . . . . 5 2 5 15 24 . 4 13 25 11 3 Kinetic 210 | . . . 50 23 15 . . . . . 12 9 . . . 34 67 Thermal 44 | . . . . . . . 25 3 16 . . . . . . . . Explosive 105 | . 7 3 6 1 25 10 11 . 19 . 5 . . . . 18 . Electromagnetic . | . . . . . . . . . . . . . . . . . . Robot Hit Streak 12 | . 1 . 11 12 6 . 9 4 5 4 7 1 4 5 6 12 8 Robot Miss Streak 6 | . 2 4 5 3 5 . 2 1 2 2 2 6 1 1 3 3 3 Penetration Max 2 | . . . . . . . . . . . . . . . . 2 1 Secondary Targets 2 | . . . . . . . . . 1 . . . . . . 1 . Max Gunslinging Chain 1 | . . . . . . . . . 1 . . . . . . 1 . Shots Hit Robots 340 | . 1 . 36 16 6 9 42 6 22 11 32 5 9 10 42 39 54 Core Hits 253 | . 12 3 15 14 30 17 28 1 33 1 19 1 . . 8 52 19 Critical Kills 12 | . . . . . . . . . . . . . . . . 7 5 Critical Parts Destroyed 24 | . . . . . . 2 . . . . . . . . . 8 14 Critical Strikes 48 | . . . . . . 2 1 1 . . 1 . 1 . 7 15 20 Destroy 34 | . . . . . . . . . . . . . . . . 15 19 Blast 1 | . . . . . . . . . . . 1 . . . . . . Smash 2 | . . . . . . 2 . . . . . . . . . . . Sever 11 | . . . . . . . 1 1 . . . . 1 . 7 . 1 Melee Attacks 252 | . . . . . 2 16 59 4 37 4 32 6 6 3 51 1 31 Impact 23 | . . . . . 2 16 5 . . . . . . . . . . Slashing 210 | . . . . . . . 50 4 34 4 30 . 6 3 51 1 27 Piercing 3 | . . . . . . . . . 3 . . . . . . . . Sneak Attacks 29 | . . . . . . 4 1 2 2 . 3 . 6 . 9 1 1 Combat Hostiles 17 | . . . . . . . . . 1 . . . 6 . 9 . 1 Follow-up Attacks . | . . . . . . . . . . . . . . . . . . Damage Inflicted 15196 | . 346 70 983 411 1498 932 2055 207 2158 85 1239 78 195 . 1533 2246 1160 Guns 1313 | . . . 331 125 18 . . . 291 . . . . . . 262 286 Cannons 1309 | . . . 262 192 48 . 412 50 . . 267 78 . . . . . Explosions 7721 | . 346 61 390 94 1231 576 768 . 1688 . 670 . . . . 1897 . Melee 4642 | . . . . . . 356 875 157 179 85 302 . 195 . 1533 87 873 Ramming 211 | . . 9 . . 201 . . . . . . . . . . . 1 Kinetic 1869 | . . . 593 317 66 . . . . . 267 78 . . . 262 286 Thermal 753 | . . . . . . . 412 50 291 . . . . . . . . Explosive 7721 | . 346 61 390 94 1231 576 768 . 1688 . 670 . . . . 1897 . Electromagnetic . | . . . . . . . . . . . . . . . . . . Impact 356 | . . . . . . 356 . . . . . . . . . . . Slashing 4155 | . . . . . . . 875 157 48 85 302 . 195 . 1533 87 873 Piercing 131 | . . . . . . . . . 131 . . . . . . . . Highest Corruption 20 | . . . . . 6 6 19 . 1 . 3 . 16 16 20 1 12 Average Corruption 9 | . . . . . 4 6 14 . 1 . 2 . 9 16 16 1 3 Corruption Purged . | . . . . . . . . . . . . . . . . . . Corruption Blocked . | . . . . . . . . . . . . . . . . . . Effects 177 | . . . . . 13 8 62 . 5 . 4 . 6 10 54 3 12 Message Errors 46 | . . . . . 1 2 15 . 2 . . . 2 3 19 . 2 Matter Fused 49 | . . . . . 5 . 17 . 1 . 1 . . 2 18 1 4 Heat Flow Errors 19 | . . . . . 1 1 6 . . . 1 . . 1 6 . 3 Energy Discharges 18 | . . . . . 1 3 5 . . . 1 . . 3 5 . . Parts Rejected 7 | . . . . . . 1 1 . . . . . 3 . 1 1 . Parts Fused 1 | . . . . . . . . . . . . . . . 1 . . Data Loss (minor) 19 | . . . . . 4 1 7 . 2 . 1 . 1 1 1 . 1 Data Loss (major) 8 | . . . . . 1 . 3 . . . . . . . 2 1 1 Misfires 5 | . . . . . . . 4 . . . . . . . . . 1 Alerts 2 | . . . . . . . 2 . . . . . . . . . . Misdirections 3 | . . . . . . . 2 . . . . . . . 1 . . Overload Shots . | . . . . . . . . . . . . . . . . . . Overflow Damage 686 | . . . 10 . 65 191 46 37 40 11 14 . . . 128 124 20 Projectiles 14 | . . . . . . . . . . . 14 . . . . . . Explosions 215 | . . . 10 . 65 . 23 . 40 . . . . . . 77 . Melee 457 | . . . . . . 191 23 37 . 11 . . . . 128 47 20 Knockbacks 5 | . . . 2 . 2 . . . . . . 1 . . . . . Impact 2 | . . . . . 2 . . . . . . . . . . . . Kinetic 3 | . . . 2 . . . . . . . . 1 . . . . . Secondary . | . . . . . . . . . . . . . . . . . . Self-Inflicted Damage 387 | . 30 . 11 . 204 . 56 . 16 . . . . . . 70 . Shots 15 | . 2 . 1 . 7 . 1 . 1 . . . . . . 3 . Rammed 31 | . . 1 . . 29 . . . . . . . . . . . 1 Targets Rammed 62 | . . 2 . . 59 . . . . . . . . . . . 1 Kicked 27 | . . . . . 27 . . . . . . . . . . . . Crushed 4 | . . 1 . . 3 . . . . . . . . . . . . Highest Temperature 348 | . . 5 . 1 265 127 219 . 226 . 203 . . 242 261 31 348 Average Temperature 82 | . . 5 . 1 107 37 71 . 76 . 76 . . 130 115 8 131 Received Heat Transfer 2330 | . . 6 78 18 566 90 180 27 211 42 180 . . 9 198 269 456 Effects 1 | . . . . . . . 1 . . . . . . . . . . Energy Bleed 1 | . . . . . . . 1 . . . . . . . . . . Siege Activations . | . . . . . . . . . . . . . . . . . . Martial Activations . | . . . . . . . . . . . . . . . . . . Shielding Activations . | . . . . . . . . . . . . . . . . . . Robots Disrupted . | . . . . . . . . . . . . . . . . . . Combat Hostiles . | . . . . . . . . . . . . . . . . . . Robots Corrupted 3 | . . . . . . 3 . . . . . . . . . . . Combat Hostiles . | . . . . . . . . . . . . . . . . . . Parts Fried 3 | . . . . . . 3 . . . . . . . . . . . Impact Corruptions 8 | . . . . . 1 7 . . . . . . . . . . . Robots Melted . | . . . . . . . . . . . . . . . . . . Combat Hostiles . | . . . . . . . . . . . . . . . . . . Parts Melted 1 | . . . 1 . . . . . . . . . . . . . . Heat Transferred 996 | . . . . . . . 552 74 370 . . . . . . . . Parts Sabotaged . | . . . . . . . . . . . . . . . . . . Parts Stolen . | . . . . . . . . . . . . . . . . . . Parts Stripped . | . . . . . . . . . . . . . . . . . . Power Chain Reactions . | . . . . . . . . . . . . . . . . . . Alert | -11 -10 -10 -10 -8 -8 -8 -8 -7 -7 -6 -6 -5 -5 -5 -5 -4 -4 ------- Run | Yrd Mat Min Sub Mat Gar Mat Gar Fac Gar Fac Gar Fac Was Fac Gar Fac Gar Maximum Alert Level 4 | . . . . . 2 1 4 3 3 2 2 1 . . 2 1 1 Low Security (%) 28 | . 100 100 . 100 34 40 . . . . . . 100 100 24 46 32 Level 1 31 | . . . . . 40 59 26 . . 6 37 100 . . 59 53 67 Level 2 25 | . . . . . 24 . 23 64 53 93 62 . . . 16 . . Level 3 10 | . . . . . . . 26 35 46 . . . . . . . . Level 4 3 | . . . . . . . 23 . . . . . . . . . . Level 5 . | . . . . . . . . . . . . . . . . . . High Security . | . . . . . . . . . . . . . . . . . . Max Security . | . . . . . . . . . . . . . . . . . . Peak Influence 1477 | . 184 63 . 69 489 352 1477 774 1000 525 680 357 93 16 522 273 384 Initial 774 | . . 61 . 33 31 237 213 774 415 525 276 357 93 16 . 273 135 Average 383 | . 50 11 . 19 267 215 785 676 676 461 433 316 58 2 288 196 246 Influence Increases 5766 | . 214 74 90 128 568 281 1424 74 615 40 604 70 . 18 682 452 432 Destroy 0b10 Robot/C 2725 | . 100 40 60 60 300 160 625 45 300 30 315 45 . . 285 225 135 Destroy 0b10 Robot/NC 127 | . 15 5 . 30 . 25 20 4 . 4 . . . . 8 8 8 Destroy Leader 274 | . 22 10 . 16 20 42 50 8 16 . 16 8 . . 32 26 8 Allied During Kill 346 | . . 14 . . . . 191 10 7 2 44 3 . . 51 9 15 Trap Triggered on 0b10 26 | . . . . . . . 10 . 16 . . . . . . . . Successful Hack 114 | . 5 . . . . 17 21 5 . 2 11 . . 12 11 8 22 Disable Machine 180 | . . . . 15 . . 105 . 36 . . . . . . 24 . Anti-Garrison Action 880 | . . . . . 50 . 300 . 114 . 151 . . . 151 . 114 Destroy Structure 803 | . 42 5 . 7 183 37 102 2 102 2 67 2 . 6 72 140 34 Partial Spotted 15 | . 15 . . . . . . . . . . . . . . . . Lose Combat Pursuer 276 | . 15 . 30 . 15 . . . 24 . . 12 . . 72 12 96 Influence Decreases 5469 | . 55 233 24 145 128 442 275 957 209 645 319 483 244 41 160 781 328 Entered New Map 2803 | . . 98 . 33 18 252 115 703 179 475 119 323 174 7 . 249 58 Time Decay 1416 | . 55 135 24 102 . 190 . 214 . 140 . 110 70 34 . 342 . Lost Part 620 | . . . . 10 110 . 80 . 10 10 60 10 . . 20 120 190 Lost Ally 630 | . . . . . . . 80 40 20 20 140 40 . . 140 70 80 Squads Dispatched 11 | . 1 . . 1 . 3 . 1 . 1 . 1 . 1 . 2 . Investigation 1 | . 1 . . . . . . . . . . . . . . . . Extermination 3 | . . . . . . . . . . . . . . 1 . 2 . Reinforcement 7 | . . . . 1 . 3 . 1 . 1 . 1 . . . . . Assault . | . . . . . . . . . . . . . . . . . . Garrison . | . . . . . . . . . . . . . . . . . . Intercept . | . . . . . . . . . . . . . . . . . . Searches Triggered . | . . . . . . . . . . . . . . . . . . Construction Impeded 3 | . . . . . . 1 . 1 . . . 1 . . . . . Haulers Reinforced 1 | . . . . . . . . . . 1 . . . . . . . Active Scanning Responses . | . . . . . . . . . . . . . . . . . . Cargo Convoy Interrupts . | . . . . . . . . . . . . . . . . . . Stealth | -11 -10 -10 -10 -8 -8 -8 -8 -7 -7 -6 -6 -5 -5 -5 -5 -4 -4 --------- Run | Yrd Mat Min Sub Mat Gar Mat Gar Fac Gar Fac Gar Fac Was Fac Gar Fac Gar Distress Signals 2 | . . . . 1 . 1 . . . . . . . . . . . Communications Jammed 37 | . . . . . . . . . . . . . . 7 . 30 . Distress Signals 36 | . . . . . . . . . . . . . . 7 . 29 . Times Spotted 237 | . 8 2 10 7 13 16 29 7 21 4 30 6 4 3 24 25 28 Peak Tracking Total 9 | . 3 2 5 3 4 8 5 2 7 3 4 3 2 1 8 6 9 Tactical Retreats 14 | . 1 . 1 . 1 . . . 1 . . 1 . . 2 1 6 Traps | -11 -10 -10 -10 -8 -8 -8 -8 -7 -7 -6 -6 -5 -5 -5 -5 -4 -4 ------- Run | Yrd Mat Min Sub Mat Gar Mat Gar Fac Gar Fac Gar Fac Was Fac Gar Fac Gar Traps Triggered 22 | . 1 . . . 1 . 3 3 3 . 4 1 . . 5 . 1 Indirectly . | . . . . . . . . . . . . . . . . . . Trap Hack Attempts 153 | . . . . . . . . . 75 . 61 . . . 17 . . Triggered . | . . . . . . . . . . . . . . . . . . Disarmed . | . . . . . . . . . . . . . . . . . . Reprogrammed 13 | . . . . . . . . . 8 . 3 . . . 2 . . Reused 3 | . . . . . . . 1 . 2 . . . . . . . . Traps Extracted . | . . . . . . . . . . . . . . . . . . Installed 1 | . . . . . . . 1 . . . . . . . . . . Triggered 3 | . . . . . . . 1 . 2 . . . . . . . . Most Traps Carried 4 | . . . . . . . 4 2 2 . . . . . . . . Machines | -11 -10 -10 -10 -8 -8 -8 -8 -7 -7 -6 -6 -5 -5 -5 -5 -4 -4 ---------- Run | Yrd Mat Min Sub Mat Gar Mat Gar Fac Gar Fac Gar Fac Was Fac Gar Fac Gar Machines Disabled 29 | . . . 1 1 1 . 10 . 6 . 3 . . . 2 2 3 Max in Single Turn 1 | . . . 1 1 1 . 1 . 1 . 1 . . . 1 1 1 Garrison Relay 14 | . . . . . 1 . 3 . 3 . 2 . . . 2 . 3 Machines Repaired . | . . . . . . . . . . . . . . . . . . Machines Dismantled . | . . . . . . . . . . . . . . . . . . Machines Sabotaged . | . . . . . . . . . . . . . . . . . . Overloaded Fab Kills . | . . . . . . . . . . . . . . . . . . Hacking | -11 -10 -10 -10 -8 -8 -8 -8 -7 -7 -6 -6 -5 -5 -5 -5 -4 -4 --------- Run | Yrd Mat Min Sub Mat Gar Mat Gar Fac Gar Fac Gar Fac Was Fac Gar Fac Gar Machines Accessed 28 | . 1 . 1 1 1 5 3 3 . 2 1 . . 3 3 2 2 Terminals 20 | . 1 . . . 1 4 3 2 . . 1 . . 2 3 1 2 Fabricators . | . . . . . . . . . . . . . . . . . . Repair Stations . | . . . . . . . . . . . . . . . . . . Recycling Units . | . . . . . . . . . . . . . . . . . . Scanalyzers 1 | . . . . . . . . . . 1 . . . . . . . Garrison Access 6 | . . . . 1 . 1 . 1 . 1 . . . 1 . 1 . Total Hacks 49 | . 2 . 1 1 1 12 7 6 . 2 1 . . 5 3 4 4 Successful 24 | . 1 . 1 1 . 4 2 4 . 2 1 . . 2 1 3 2 Failed 25 | . 1 . . . 1 8 5 2 . . . . . 3 2 1 2 Catastrophic 11 | . . . . . 1 3 3 1 . . . . . 2 1 . . Database Lockouts . | . . . . . . . . . . . . . . . . . . Manual 14 | . . . . . . 6 1 3 . . . . . 4 . . . Terminals 41 | . 2 . . . 1 11 7 5 . . 1 . . 4 3 3 4 Fabricators . | . . . . . . . . . . . . . . . . . . Repair Stations . | . . . . . . . . . . . . . . . . . . Recycling Units . | . . . . . . . . . . . . . . . . . . Scanalyzers 1 | . . . . . . . . . . 1 . . . . . . . Garrison Access 6 | . . . . 1 . 1 . 1 . 1 . . . 1 . 1 . Terminal Hacks 14 | . 1 . 1 . . 3 2 1 . . 1 . . . 1 2 2 Prototype ID Bank 2 | . 1 . . . . . . . . . . . . . . 1 . Open Door 1 | . . . . . . . 1 . . . . . . . . . . Emergency Access Points 3 | . . . . . . . 1 . . . . . . . 1 . 1 Terminal Index 1 | . . . . . . . . 1 . . . . . . . . . Zone Layout 4 | . . . . . . 3 . . . . . . . . . 1 . Garrison Registry 2 | . . . . . . . . . . . 1 . . . . . 1 Proto ID Catalog 1 | . . . 1 . . . . . . . . . . . . . . Fabricator Hacks . | . . . . . . . . . . . . . . . . . . Repair Station Hacks . | . . . . . . . . . . . . . . . . . . Recycling Unit Hacks . | . . . . . . . . . . . . . . . . . . Scanalyzer 1 | . . . . . . . . . . 1 . . . . . . . Insert Component 1 | . . . . . . . . . . 1 . . . . . . . Garrison Access Hacks 6 | . . . . 1 . 1 . 1 . 1 . . . 1 . 1 . Unlock Access 6 | . . . . 1 . 1 . 1 . 1 . . . 1 . 1 . Unauthorized Hacks 3 | . . . . . . . . 2 . . . . . 1 . . . Terminals 3 | . . . . . . . . 2 . . . . . 1 . . . Botnet 1 | . . . . . . . . 1 . . . . . . . . . Operators 2 | . . . . . . . . 1 . . . . . 1 . . . Fabricators . | . . . . . . . . . . . . . . . . . . Repair Stations . | . . . . . . . . . . . . . . . . . . Recycling Units . | . . . . . . . . . . . . . . . . . . Scanalyzers . | . . . . . . . . . . . . . . . . . . Garrison Access . | . . . . . . . . . . . . . . . . . . Data Cores Recovered 1 | . . . . . . . . 1 . . . . . . . . . Used . | . . . . . . . . . . . . . . . . . . Hacking Detections 18 | . 1 . . 1 1 2 3 2 . 1 . . . 2 2 2 1 Full Trace Events 1 | . . . . . . . 1 . . . . . . . . . . Feedback Events . | . . . . . . . . . . . . . . . . . . Feedback Blocked . | . . . . . . . . . . . . . . . . . . Robot Schematics Acquired . | . . . . . . . . . . . . . . . . . . Robots Built . | . . . . . . . . . . . . . . . . . . Authchips . | . . . . . . . . . . . . . . . . . . Time . | . . . . . . . . . . . . . . . . . . Total Robot Build Rating . | . . . . . . . . . . . . . . . . . . Part Schematics Acquired . | . . . . . . . . . . . . . . . . . . Parts Built . | . . . . . . . . . . . . . . . . . . Authchips . | . . . . . . . . . . . . . . . . . . Time . | . . . . . . . . . . . . . . . . . . Total Part Build Rating . | . . . . . . . . . . . . . . . . . . Parts Repaired . | . . . . . . . . . . . . . . . . . . Time . | . . . . . . . . . . . . . . . . . . Parts Recycled . | . . . . . . . . . . . . . . . . . . Recycled Matter . | . . . . . . . . . . . . . . . . . . Retrieved Matter . | . . . . . . . . . . . . . . . . . . Retrieved Components . | . . . . . . . . . . . . . . . . . . Parts Scanalyzed . | . . . . . . . . . . . . . . . . . . Part Schematics Acquired . | . . . . . . . . . . . . . . . . . . Parts Damaged . | . . . . . . . . . . . . . . . . . . Bothacking | -11 -10 -10 -10 -8 -8 -8 -8 -7 -7 -6 -6 -5 -5 -5 -5 -4 -4 ------------ Run | Yrd Mat Min Sub Mat Gar Mat Gar Fac Gar Fac Gar Fac Was Fac Gar Fac Gar Used RIF Installer 8 | . . . . . 1 . 2 . 1 . 2 . . . 1 . 1 Hotswap 1 | . . . . . . . . . 1 . . . . . . . . Command Fork 2 | . . . . . . . . . . . 1 . . . . . 1 Threat Obfuscator 1 | . . . . . . . 1 . . . . . . . . . . Signal Jammer 1 | . . . . . . . 1 . . . . . . . . . . Watcher Feeds 1 | . . . . . . . . . . . 1 . . . . . . Autoassimilate 1 | . . . . . . . . . . . . . . . 1 . . Robots Hacked 65 | . . . . . . . 5 2 3 6 13 3 4 4 12 7 6 Non-combat 8 | . . . . . . . . . . 3 . . . 2 . 3 . Combat 57 | . . . . . . . 5 2 3 3 13 3 4 2 12 4 6 Autoassimilated 1 | . . . . . . . . . . . . . . . 1 . . Robot Hacks Applied 74 | . . . . . . . 5 2 3 9 14 3 4 8 13 7 6 drop_inventory 2 | . . . . . . . . . . 2 . . . . . . . ignore_parts 2 | . . . . . . . . . . . . . . 1 . 1 . block_reporting 1 | . . . . . . . . . . . . . . 1 . . . summon_haulers 1 | . . . . . . . . . . . . . . 1 . . . map_route 2 | . . . . . . . . . . 1 . . . . . 1 . mark_security 1 | . . . . . . . . . . 1 . . . . . . . ignore_targets 4 | . . . . . . . . . . . . . 4 . . . . emergency_deploy 2 | . . . . . . . . . . . . . . . 1 . 1 find_garrison 5 | . . . . . . . . 1 . 1 . 1 . 1 . 1 . scatter_targeting 3 | . . . . . . . . . . . . 1 . . 2 . . amplify_resonance 1 | . . . . . . . . . . . 1 . . . . . . wipe_record 5 | . . . . . . . . . . 1 . . . 1 3 . . reboot_system 2 | . . . . . . . 1 . . 1 . . . . . . . overwrite_iff 18 | . . . . . . . 1 1 2 . 7 . . . 4 1 2 streamctrl_high 2 | . . . . . . . 1 . . . 1 . . . . . . formatsys_low 2 | . . . . . . . . . . . . . . 1 . 1 . formatsys_high 21 | . . . . . . . 2 . 1 2 5 1 . 2 3 2 3 Relay Couplers Released 66 | . . . . . 8 . 13 . 17 . 9 . . . 9 . 10 Machine Destruction 59 | . . . . . 4 . 13 . 14 . 9 . . . 9 . 10 Programmers 7 | . . . . . 4 . . . 3 . . . . . . . . Attached 33 | . . . . . . . 4 1 5 1 7 . 1 2 3 1 8 Fabnet Peak Effective % . | . . . . . . . . . . . . . . . . . . Robots Rewired 8 | . . . . . . . 8 . . . . . . . . . . Allies Hacked . | . . . . . . . . . . . . . . . . . . Hacks Repelled . | . . . . . . . . . . . . . . . . . . Allies | -11 -10 -10 -10 -8 -8 -8 -8 -7 -7 -6 -6 -5 -5 -5 -5 -4 -4 -------- Run | Yrd Mat Min Sub Mat Gar Mat Gar Fac Gar Fac Gar Fac Was Fac Gar Fac Gar Total Allies 61 | . . 4 . . . . 12 1 3 2 14 2 . 3 10 4 6 Largest Group 10 | . . 4 3 . . . 10 3 2 1 4 2 . 3 4 5 4 Highest-Rated Group 272 | . . 71 40 . . . 182 77 44 32 203 24 . 160 253 272 194 Highest-Rated Ally 85 | . . 31 16 . . . 31 31 32 32 80 12 . 85 85 85 58 Total Orders 10 | . . . . . . . . . . . 1 . . . 5 3 1 STAY 8 | . . . . . . . . . . . 1 . . . 3 3 1 FOLLOW 2 | . . . . . . . . . . . . . . . 2 . . Ally Attacks 316 | . . 7 18 . . . 91 10 7 7 62 10 . . 69 10 25 Total Damage 6430 | . . 51 189 . . . 1694 162 158 279 1056 89 . . 1714 353 685 Kills 64 | . . 1 1 . . . 21 3 2 2 13 2 . . 15 1 3 Allies Corrupted 1 | . . . . . . . . . . . . . . . . 1 . Allies Melted . | . . . . . . . . . . . . . . . . . . Intel | -11 -10 -10 -10 -8 -8 -8 -8 -7 -7 -6 -6 -5 -5 -5 -5 -4 -4 ------- Run | Yrd Mat Min Sub Mat Gar Mat Gar Fac Gar Fac Gar Fac Was Fac Gar Fac Gar Active Infowar (turns) 3951 | . . . . 155 958 382 725 113 818 51 238 . . . 2 459 50 Optics 1658 | . . . . 155 958 382 163 . . . . . . . . . . Sensors 511 | . . . . . . . . . . . . . . . 2 459 50 Traps 1544 | . . . . . . . 562 113 818 51 . . . . . . . Spoofing 238 | . . . . . . . . . . . 238 . . . . . . Robot Analysis Total . | . . . . . . . . . . . . . . . . . . Derelict Logs Recovered 2 | . . 2 . . . . . . . . . . . . . . . Drone Launches . | . . . . . . . . . . . . . . . . . . Drone Recoveries . | . . . . . . . . . . . . . . . . . . Exploration | -11 -10 -10 -10 -8 -8 -8 -8 -7 -7 -6 -6 -5 -5 -5 -5 -4 -4 ------------- Run | Yrd Mat Min Sub Mat Gar Mat Gar Fac Gar Fac Gar Fac Was Fac Gar Fac Gar Turns Passed 11647 | . 285 786 743 240 958 382 1563 449 1158 299 1250 222 154 259 1414 765 720 Spaces Moved 6480 | 1 162 246 398 154 570 206 868 297 625 231 676 92 121 197 838 361 437 Core 265 | . . . . . . . . . . . 10 . . . . 9 246 Treads 992 | . 138 246 398 . 164 . 46 . . . . . . . . . . Legs 1492 | 1 24 . . 154 406 77 106 . . . 211 92 121 197 103 . . Wheels 3731 | . . . . . . 129 716 297 625 231 455 . . . 735 352 191 Hover . | . . . . . . . . . . . . . . . . . . Flight . | . . . . . . . . . . . . . . . . . . Fastest Speed 50 | 120 120 160 160 90 90 90 90 135 105 105 100 100 100 100 100 130 50 Average Speed 128 | 120 154 160 160 90 129 107 131 135 130 105 140 112 100 100 117 163 96 Slowest Speed 1250 | 120 160 160 160 90 270 120 270 135 165 105 700 260 100 100 183 1250 130 Overloaded Moves . | . . . . . . . . . . . . . . . . . . Propulsion Burnouts . | . . . . . . . . . . . . . . . . . . Robots Hopped . | . . . . . . . . . . . . . . . . . . Potential Cave-ins . | . . . . . . . . . . . . . . . . . . Cave-ins Triggered . | . . . . . . . . . . . . . . . . . . Exploration Rate (%) 39 | 2 45 65 29 20 61 25 86 14 61 7 52 4 87 6 81 17 53 Regions Visited 17 Branch Regions 2 Pre-discovered Areas . | . . . . . . . . . . . . . . . . . . Known Exits Taken 6 | . . . . 1 . 1 . 1 . 1 . . . 1 . 1 . Unknown Exits Taken 4 | 1 1 1 1 . . . . . . . . . . . . . . Scrap Searched 1 | . . 1 . . . . . . . . . . . . . . . Spaces Dug 206 | . 7 . 17 . 72 2 7 2 65 2 25 . . 3 4 . . Terrain Destroyed 619 | . 47 6 35 7 173 41 38 2 131 2 28 1 . 3 4 100 1 Melee 45 | . . . . . 1 2 2 2 20 2 9 . . 3 4 . . Projectile 1 | . . . . . . . . . . . . 1 . . . . . AOE 572 | . 47 6 35 7 172 39 36 . 111 . 19 . . . . 100 . Terrain Rammed . | . . . . . . . . . . . . . . . . . . Walls Destroyed . | . . . . . . . . . . . . . . . . . . Machines Disabled . | . . . . . . . . . . . . . . . . . . Actions | -11 -10 -10 -10 -8 -8 -8 -8 -7 -7 -6 -6 -5 -5 -5 -5 -4 -4 --------- Run | Yrd Mat Min Sub Mat Gar Mat Gar Fac Gar Fac Gar Fac Was Fac Gar Fac Gar Total 8925 | . 196 634 448 230 727 328 1173 332 857 272 891 201 139 247 1165 463 622 Wait 985 | . 1 381 4 28 44 77 67 . 3 17 11 89 3 29 147 32 52 Move 6469 | . 161 245 397 153 569 206 867 297 624 231 675 92 120 197 837 361 437 Hop . | . . . . . . . . . . . . . . . . . . Pick Up 124 | . 9 1 3 5 8 11 23 3 11 1 11 . 1 1 17 2 17 Fast Attach 80 | . 2 1 2 10 . 3 16 6 4 1 8 2 3 . 5 8 9 Attach 55 | . 2 . . 5 7 1 8 2 7 2 3 . 1 2 2 5 8 Detach 4 | . . . . 2 . 1 1 . . . . . . . . . . Swap 110 | . 3 . 4 1 2 2 14 9 24 . 11 1 1 . 10 13 15 Drop 109 | . 11 1 6 8 . 6 27 6 14 . 6 . . . 13 . 11 Fire 362 | . 7 3 32 18 36 5 37 5 34 15 41 9 4 13 25 41 37 Melee 247 | . . . . . 2 16 54 4 37 4 32 6 6 3 51 1 31 Ram 1 | . . . . . . . . . . . . . . . . . 1 Kick 27 | . . . . . 27 . . . . . . . . . . . . Crush 34 | . . 2 . . 32 . . . . . . . . . . . . Escape Stasis 100 | . . . . . . . 5 . 24 . 31 . . . 40 . . Rewire 64 | . . . . . . . 53 . . 1 1 2 . 2 1 . 4 Trap 154 | . . . . . . . 1 . 75 . 61 . . . 17 . . Miscellaneous . | . . . . . . . . . . . . . . . . . . Route ------- -11/Scrapyard -10/Materials (discovered 2 exits: [*Mat] / [*Min]) -10/Mines -10/Subcaves -8/Materials (discovered 3 exits: Fac / Sto / Gar) -8/Garrison (discovered 2 exits: *Mat x2) -8/Materials -8/Garrison (discovered 3 exits: *Fac x3) -7/Factory -7/Garrison (discovered 2 exits: *Fac x2) -6/Factory -6/Garrison (discovered 3 exits: [*Fac x3]) -5/Factory -5/Waste -5/Factory -5/Garrison (discovered 3 exits: *Fac x3) -4/Factory (discovered 2 exits: [Res] / Gar) -4/Garrison (discovered 3 exits: [*Res x3]) History --------- Turn | Location | Event 1 | -11/Scrapyard | Discovered new exit (range 0) 1 | -11/Scrapyard | Entered Materials 170 | -10/Materials | Discovered new exit (range 4) 258 | -10/Materials | Discovered new exit (range 13) 286 | -10/Materials | Entered Mines 289 | -10/Mines | Received a Mining Laser from a helpful Derelict 309 | -10/Mines | Assisted by bots powering up and referring to "LRC-V3" 314 | -10/Mines | Build established: Mutant 369 | -10/Mines | Learned 8 Materials zone layouts 1050 | -10/Mines | Discovered new exit (range 10) 1072 | -10/Mines | Entered Subcaves 1072 | -10/Subcaves | Accompanied by 3 allies 1073 | -10/Subcaves | Approached by a straggling Scientist 1196 | -10/Subcaves | A Subdweller sparked back to life 1196 | -10/Subcaves | A Subdweller sparked back to life 1196 | -10/Subcaves | A Subdweller sparked back to life 1243 | -10/Subcaves | Lost 3 allies 1263 | -10/Subcaves | Found Prototype Leg 1447 | -10/Subcaves | Discovered new exit (range 10) 1507 | -10/Subcaves | Visited 4L-MR0's lab 1514 | -10/Subcaves | Identified Arachnoskeleton 1525 | -10/Subcaves | Found Rainbow Chip 1815 | -10/Subcaves | Entered Materials 1815 | -8/Materials | Evolved 4 slots: Propulsion x1, Utility x3 1816 | -8/Materials | Identified exit to Storage 1817 | -8/Materials | Identified exit to Factory 1818 | -8/Materials | Attached Arachnoskeleton, gained temporary slots: Propulsion x3 2045 | -8/Materials | Identified exit to Garrison 2055 | -8/Materials | Entered Garrison 2101 | -8/Garrison | Triggered checkpoint 2161 | -8/Garrison | Build established: Scavenger-Mutant 2230 | -8/Garrison | Triggered checkpoint 2298 | -8/Garrison | Discovered new exit (range 13) 2357 | -8/Garrison | Triggered checkpoint 2621 | -8/Garrison | Triggered checkpoint 2663 | -8/Garrison | Discovered new exit (range 16) 2750 | -8/Garrison | Lost 6 parts (1p3n1u1w) 2787 | -8/Garrison | Core integrity fell below 50% 2836 | -8/Garrison | Installed Relay Interface Framework 3013 | -8/Garrison | Entered Materials 3034 | -8/Materials | Build established: Mutant 3370 | -8/Materials | Destroyed 7 combat bots 3395 | -8/Materials | Identified exit to Garrison 3395 | -8/Materials | Entered Garrison 3456 | -8/Garrison | Expanded RIF knowledge: Signal Jamming 3469 | -8/Garrison | Garrison Relay disabled 3655 | -8/Garrison | Triggered checkpoint 3734 | -8/Garrison | Discovered exit to Factory (range 15) 3789 | -8/Garrison | Triggered checkpoint 3806 | -8/Garrison | Garrison Relay disabled 3872 | -8/Garrison | Triggered checkpoint 3887 | -8/Garrison | System corruption reached 10% 3900 | -8/Garrison | Triggered checkpoint 3933 | -8/Garrison | Lost 4 parts (2n1u1w) 3962 | -8/Garrison | Core integrity fell below 20% 3989 | -8/Garrison | Lost 4 parts (1p1n2w) 4102 | -8/Garrison | Build established: Bothacker-Mutant 4196 | -8/Garrison | Discovered exit to Factory (range 12) 4300 | -8/Garrison | Garrison Relay disabled 4413 | -8/Garrison | Triggered checkpoint 4511 | -8/Garrison | Triggered checkpoint 4645 | -8/Garrison | Triggered checkpoint 4711 | -8/Garrison | Triggered checkpoint 4775 | -8/Garrison | Expanded RIF knowledge: Threat Obfuscation 4800 | -8/Garrison | Discovered exit to Factory (range 14) 4897 | -8/Garrison | Triggered checkpoint 4958 | -8/Garrison | Entered Factory 4958 | -7/Factory | Accompanied by 3 allies 4958 | -7/Factory | Evolved 2 slots: Utility x2 5407 | -7/Factory | Identified exit to Garrison 5407 | -7/Factory | Entered Garrison 5435 | -7/Garrison | Triggered checkpoint 5701 | -7/Garrison | Triggered checkpoint 5801 | -7/Garrison | Triggered checkpoint 5903 | -7/Garrison | Discovered new exit (range 9) 5981 | -7/Garrison | Triggered checkpoint 6023 | -7/Garrison | Garrison Relay disabled 6102 | -7/Garrison | Triggered checkpoint 6222 | -7/Garrison | Discovered new exit (range 12) 6310 | -7/Garrison | Triggered checkpoint 6353 | -7/Garrison | Expanded RIF knowledge: Hotswap 6439 | -7/Garrison | Triggered checkpoint 6491 | -7/Garrison | Triggered checkpoint 6515 | -7/Garrison | Garrison Relay disabled 6565 | -7/Garrison | Entered Factory 6565 | -6/Factory | Evolved 2 slots: Utility x2 6657 | -6/Factory | Build established: Botlord-Mutant 6852 | -6/Factory | Identified exit to Garrison 6864 | -6/Factory | Entered Garrison 6864 | -6/Garrison | Accompanied by 1 ally 6886 | -6/Garrison | Triggered checkpoint 6949 | -6/Garrison | Lost 3 allies 6960 | -6/Garrison | Triggered checkpoint 7037 | -6/Garrison | Garrison Relay disabled 7208 | -6/Garrison | Triggered checkpoint 7268 | -6/Garrison | Triggered checkpoint 7301 | -6/Garrison | Triggered checkpoint 7305 | -6/Garrison | Triggered checkpoint 7338 | -6/Garrison | Lost 4 allies 7353 | -6/Garrison | Lost 3 parts (2n1u) 7376 | -6/Garrison | Discovered new exit (range 19) 7376 | -6/Garrison | Discovered new exit (range 44) 7376 | -6/Garrison | Discovered new exit (range 48) 7422 | -6/Garrison | Triggered checkpoint 7435 | -6/Garrison | Garrison Relay disabled 7465 | -6/Garrison | Expanded RIF knowledge: Command Fork 7494 | -6/Garrison | Found embedded Infiltrators 7584 | -6/Garrison | Triggered checkpoint 7767 | -6/Garrison | Expanded RIF knowledge: Watcher Feeds 8114 | -6/Garrison | Entered Factory 8114 | -5/Factory | Evolved 2 slots: Utility x2 8336 | -5/Factory | Sucked down chute 8336 | -5/Factory | Entered Waste 8351 | -5/Waste | EMP discharged 8378 | -5/Waste | Found Corrupted Prototype Device 8389 | -5/Waste | Spotted C-40 Crusher 8397 | -5/Waste | Spotted C-40 Crusher 8409 | -5/Waste | Spotted C-40 Crusher 8420 | -5/Waste | Spotted C-40 Crusher 8436 | -5/Waste | Discovered new exit (range 15) 8451 | -5/Waste | EMP discharged 8451 | -5/Waste | System corruption reached 10% 8490 | -5/Waste | Entered Factory 8725 | -5/Factory | Spotted B-75 Beast 8728 | -5/Factory | Assimilated Beast 6a with formatsys_high 8741 | -5/Factory | Identified exit to Garrison 8749 | -5/Factory | Entered Garrison 8749 | -5/Garrison | Accompanied by 2 allies 8796 | -5/Garrison | Found embedded Infiltrators 8853 | -5/Garrison | Triggered checkpoint 8928 | -5/Garrison | Garrison Relay disabled 9129 | -5/Garrison | Triggered checkpoint 9143 | -5/Garrison | Triggered checkpoint 9187 | -5/Garrison | Triggered checkpoint 9212 | -5/Garrison | Garrison Relay disabled 9348 | -5/Garrison | Discovered new exit (range 9) 9556 | -5/Garrison | Expanded RIF knowledge: Autoassimilate 9588 | -5/Garrison | Discovered new exit (range 11) 9769 | -5/Garrison | Triggered checkpoint 9826 | -5/Garrison | Discovered new exit (range 13) 9871 | -5/Garrison | Triggered checkpoint 9925 | -5/Garrison | Triggered checkpoint 10161 | -5/Garrison | Identified Exp. Sensor Array 10163 | -5/Garrison | Entered Factory 10163 | -4/Factory | Accompanied by 3 allies 10163 | -4/Factory | Evolved 2 slots: Utility x2 10564 | -4/Factory | Discovered new exit (range 117) 10615 | -4/Factory | Lost 4 parts (1p1n2u) 10682 | -4/Factory | Lost 4 parts (1n1u2w) 10928 | -4/Factory | Identified exit to Garrison 10928 | -4/Factory | Entered Garrison 11120 | -4/Garrison | Triggered checkpoint 11159 | -4/Garrison | Garrison Relay disabled 11197 | -4/Garrison | Discovered new exit (range 77) 11197 | -4/Garrison | Discovered new exit (range 29) 11197 | -4/Garrison | Discovered new exit (range 51) 11284 | -4/Garrison | Found Relay Coupler [Proto] 11286 | -4/Garrison | Found Relay Coupler [Proto] 11292 | -4/Garrison | Found Relay Coupler [Proto] 11294 | -4/Garrison | Found Relay Coupler [Proto] 11342 | -4/Garrison | Triggered checkpoint 11383 | -4/Garrison | Spotted B-86 Titan 11414 | -4/Garrison | Triggered checkpoint 11416 | -4/Garrison | Spotted B-86 Titan 11416 | -4/Garrison | Spotted B-86 Titan 11422 | -4/Garrison | Lost 4 parts (1n1u2w) 11444 | -4/Garrison | Triggered checkpoint 11471 | -4/Garrison | Expanded RIF knowledge: Command Fork 11504 | -4/Garrison | Garrison Relay disabled 11524 | -4/Garrison | Garrison Relay disabled 11568 | -4/Garrison | Triggered checkpoint 11581 | -4/Garrison | System corruption reached 10% 11614 | -4/Garrison | Core integrity fell below 50% 11628 | -4/Garrison | Triggered checkpoint 11642 | -4/Garrison | Core integrity fell below 20% 11647 | -4/Garrison | Triggered checkpoint 11648 | -4/Garrison | Destroyed by S-27 Virus with Autogun Last Messages --------------- 11635_ Penetrated by Slug. 11635_ Arm. Wheel destroyed. 11635_ Relay Coupler [NC] destroyed. 11636_ Arm. Wheel destroyed. 11638_ B-86 Titan activates siege mode. 11638_ Myomer Leg destroyed. 11638_ Penetrated by Slug. 11638_ Slug penetrates Wall. 11639_ Power Sword destroyed. 11639_ Relay Coupler [Brawler] destroyed. 11640_ Slammed into S-27 Virus. 11641_ Penetrated by Slug. 11641_ P-70 Sage destroyed. 11643_ Dropped Relay Coupler [Swarmer]. 11643_ Acquired Imp. Remote Datajack. 11644_ Relay Coupler [Brawler] destroyed. 11644_ Knocked back. 11645_ Relay Coupler [NC] destroyed. 11647_ Beams of light sweep through the air. An alarm sounds. 11648_ Slug penetrates Wall. Map ----- +----------------------------------------------------+ | ?????????# ### #???????# #??????# | | ##########+#T# ######### #??????# | | = #??????#! [ | | =%/ #??????#![*!######++## | | ### ##### "## ###+##### #??????#! ##????# #? | | ??# #???# "%## #?# #???# #??????# !/##????# #? | | ?## #???##/### #?# #???# #??????# !!"###### #? | | ?#! #????# ### #?# #???# #??????# !!!/! #? | | ?#! #????# +^ #?# #???# ########[!!####### #? | | ?#! #????##### #?# #???# ## #" !!#?????# #? | | ?## #????????# ^###+##### ## #" #?????# #? | | ??# #????????# ^^ ####### #? | | ??# ########## ^^ + #? | | ??# == ^^ + #? | | ??##################=####p ## "# =##########? | | ???????????????????#*#### ## "# [%###???????? | | ???????????????????#%%+%! = #???????? | | ???????????????????#### ! #???????? | | ??????????????????????# #???????? | | ??????????????????????# % #???????? | | ??????????????????????###s ## ## ###???????# | | ???????????????##########s ## ## ########### | | ???????????????# ; ^^ | | ???????????????# + ^^ # | | ???????????????# ####### ###+#### # | | ???????????????# #?????#@ ## ###+##?# #??# # | | ???????????????# #?????# ## #?# #??# #??# # | | ???????????????# #?????# ##+####?# #??# #??# # | | ???????????????# ####### ## #????# #### #### # | | ???????????????# + + #????# + + | | ???????????????# #######^^^####????###### #### # | | ???????????????# #?????#^^^#????????????# #??# # | | ################//####### #????????????# #??# # | | + + #????????????# #??# # | | + + #?????????####+#### # | | ### #?????????# # | | #?# ######################?????????# ####### # | | #?# #??????????????????????????????# #?????# | | #?# #??????????????????????????????# ###???# | | #?# #??????????????????????????????# " #####+## | | #?# #??????????????????????????????# " + #? | | #?# #??????????????????????????????# " #######? | | #?# #??????????????????????????????# ###??????? | | #?# #??????????????????????????????# #????????? | | #?# #??????????????????????????????# #????????? | | #?# #??????????????????????????????# #????????? | | #?# #????????????????????????????### #????????? | | #?# #????????????????????????????#"# #????????? | | ### #????????????????????????????#" #????????? | | ^^ #????????????????????????????#" #????????? | +----------------------------------------------------+ Best States ------------- Heat Dissipation 64 Energy Generation 23 Energy Capacity 340 Matter Stores 300 Matter Capacity 300 Sight Range 18 Robot Scan Range 20 Terrain Scan Density 10 Additional Mass Support 12 Armor Coverage 600 Core Shielding 30 Point Defense Rating 240 Evasion (%) 57 Target Analysis 6 Recoil Reduction 3 Matter Filtering 50 Defensive Hacking 10 Relay Coupler Types 8 Relay Coupler Value 216 Item Schematics ----------------- None Robot Schematics ------------------ None Fabricated ------------ Nothing Repaired ---------- Nothing Alien Tech Used ----------------- None Achievements -------------- None Challenges ------------ None Game ------ Seed PlexusHardenedScanner Manual? 0 Play Time 02:09:17 Cumulative 564.3 hours Start 2025.06.30 @ 09:23:35 End 2025.06.30 @ 16:47:42 Sessions 5 Manual Loads 0 Difficulty Rogue Special Mode None Game No. 681 Rogue 681 Adventurer 0 Explorer 0 Win Type - Total 20 Types 14/0/5/1/0/0/0/0/0/0 Lore% 86 Gallery% 83 Achievement% 83 Wizard Run 0 Options --------- Layout 0 ASCII 0 Keyboard 0 Movement Numpad Keybinds 0 Fullscreen 1 Font 18/SmallcapsGlow Map View 76x50 Zoom Use 0% Tactical HUD 1 Map Filters NONE Filters NONE Steam 1 RUN: 39e9c257-5a68-4997-98a8-3747f82ef398